 Dungeon Crawl Stone Soup version 0.30-a0-777-ga9a30cbeda (webtiles) character file.

Game seed: 6649694715346650254

71295 ryw the Warrior (level 14, 0/132 HPs)
             Began as a Demonspawn Monk on Feb 15, 2023.
             Was the Champion of Okawaru.
             Slain by a tyrant leech (7 damage)
             ... on level 5 of the Lair of Beasts.
             The game lasted 00:49:07 (21058 turns).

ryw the Warrior (Demonspawn Monk)                  Turns: 21058, Time: 00:49:07

Health: 0/132      AC: 24    Str: 18    XL:     14   Next: 97%
Magic:  0/20       EV: 13    Int: 10    God:    Okawaru [******]
Gold:   1504       SH:  0    Dex: 31    Spells: 13/13 levels left

rFire   . . .      SeeInvis +    a - +1 triple sword of the King {heavy, Fragile Fly Str+5}
rCold   + . .      Faith    .    (shield currently unavailable)
rNeg    . . .      Spirit   +    D - +1 plate armour of Refuge {Rampage Fly Regen+}
rPois   .          Reflect  .    (helmet unavailable)
rElec   .          Harm     .    V - scarf {repulsion}
rCorr   .          Rampage  +    N - +2 pair of gloves {hurl}
Will    +....                    l - +2 pair of boots Stlth
                                 k - amulet of guardian spirit
HPRegen 1.22/turn                y - ring of protection from cold
MPRegen 0.17/turn                z - +6 ring of dexterity

@: flying, slowed, repel missiles, very slow
A: antennae 3, rugged brown scales 2, powered by death 3, spiny 2, augmentation
1, thin skeletal structure 1, agile 1
a: Renounce Religion, Heroism, Finesse, Duel


You were on level 5 of the Lair of Beasts.
You worshipped Okawaru.
Okawaru was exalted by your worship.
You visited 3 branches of the dungeon, and saw 20 of its levels.
You visited the Abyss 1 time.
You also visited: Bailey.

You collected 1726 gold pieces.
You spent 222 gold pieces at shops.

Inventory:

Hand Weapons
 a - the +1 triple sword of the King (weapon) {heavy, Fragile Fly Str+5}
   (You acquired it in a bailey)

   Str:       It affects your strength (+5).
   Fly:       It grants you flight.
   Fragile:   It will be destroyed if unequipped.
 U - the +7 great sword of Inference {flame, rPois}
   (Okawaru gifted it to you on level 11 of the Dungeon)

   rPois:     It protects you from poison.
Missiles
 H - 5 javelins (quivered)
Armour
 c - the +5 plate armour of the Big Bang {Dex+2}
   (Okawaru gifted it to you on level 5 of the Lair of Beasts)

   Dex:       It affects your dexterity (+2).
 l - a +2 pair of boots (worn)
 w - a +1 buckler of reflection
 D - the +1 plate armour of Refuge (worn) {Rampage Fly Regen+}
   (You took it off an orc warlord in a bailey)

   Fly:       It grants you flight.
   Regen:     It increases your rate of health regeneration.
   Rampage:   It bestows one free step when moving towards enemies.
 N - a +2 pair of gloves of hurling (worn)
 V - a scarf of repulsion (worn)
Jewellery
 b - a ring of magical power
 k - an amulet of guardian spirit (around neck)
 y - a ring of protection from cold (left hand)
 z - a +6 ring of dexterity (right hand)
 B - a +6 ring of dexterity
 K - the ring of Moinis {rC+++ rN+ Str+5 Dex-3}
   (You found it on level 8 of the Dungeon)

   [ring of positive energy]

   Str:       It affects your strength (+5).
   Dex:       It affects your dexterity (-3).
   rC:        It renders you almost immune to cold.
   rN:        It protects you from negative energy.
 L - a ring of protection from fire
 P - a ring of willpower
 Q - a ring of poison resistance
 Y - a ring of protection from cold
Wands
 m - a wand of quicksilver (5)
 C - a wand of flame (17)
 O - a wand of roots (4)
 X - a wand of polymorph (1)
Scrolls
 g - 4 scrolls of fog
 h - 2 scrolls of poison
 j - a scroll of silence
 n - 4 scrolls of magic mapping
 o - a scroll of blinking
 q - 2 scrolls of amnesia
 t - 4 scrolls of teleportation
 u - 2 scrolls of vulnerability
 v - a scroll of fear
 I - 3 scrolls of enchant weapon
 M - 4 scrolls of enchant armour
 Z - 5 scrolls of identify
Potions
 d - 2 potions of brilliance
 e - 2 potions of mutation
 f - 4 potions of haste
 i - 4 potions of magic
 r - 2 potions of cancellation
 s - a potion of ambrosia
 A - 2 potions of flight
 E - 5 potions of curing
 F - a potion of resistance
 G - 4 potions of lignification
 J - a potion of invisibility
 W - a potion of might
Miscellaneous
 p - a piece from Xom's chessboard (15/15)


   Skills:
 + Level 16.4 Fighting
 * Level 14.8 Long Blades
 + Level 4.8 Throwing
 * Level 10.0 Armour
 - Level 10.0 Dodging
 - Level 1.7 Stealth
 - Level 2.6 Unarmed Combat
 + Level 8.4 Invocations


You had 13 spell levels left.
You didn't know any spells.
Your spell library contained the following spells:

 Spells                   Type           Power      Damage    Failure   Level
 Magic Dart               Conj           0%         1d3       100%        1
 Necrotise                Necr           0%         1d4       100%        1
 Searing Ray              Conj           0%         2d4       100%        2
 Dazzling Flash           Conj/Hex       0%         N/A       100%        3
 Hailstorm                Conj/Ice       0%         3d3       100%        3
 Vampiric Draining        Necr           0%         2d6       100%        3
 Fulminant Prism          Conj/Hex       0%         3d5       100%        4
 Ice Form                 Ice/Tmut       0%         N/A       100%        4
 Agony                    Necr           0%         N/A       100%        5
 Silence                  Hex/Air        0%         N/A       100%        5
 Storm Form               Tmut/Air       0%         N/A       100%        7
 Maxwell's Capacitive Co  Air            0%         ∞         100%        8
 Summon Lightning Spire   Summ/Air       Unusable   N/A       N/A         4
 Simulacrum               Ice/Necr       Unusable   N/A       N/A         6

Dungeon Overview and Level Annotations

Branches:
Dungeon (14/15)            Temple (1/1) D:5            Lair (5/5) D:9
  Swamp (0/4) Lair:2       Spider (0/4) Lair:2        Slime (0/5) Lair:4
    Orc (0/2) D:12         Vaults (0/5) D:14         Bailey (visited)

Altars:
Ashenzari
Cheibriados
Dithmenos
Fedhas
Gozag
Hepliaklqana
Kikubaaqudgha
Makhleb
Nemelex Xobeh
Okawaru
Qazlal
Ru
Sif Muna
Trog
Uskayaw
Vehumet
Wu Jian
Xom
Yredelemnul
Jiyva

Shops:
D:2 *   D:5 [   D:10 *   D:11 ?   D:12 [

Annotations:
D:2 Terence
D:6 1 runed translucent door, Crazy Yiuf
D:12 3 runed translucent doors, Kaunuet's ghost, journeyman DjFE


Innate Abilities, Weirdness & Mutations

You have a pair of large antennae on your head. (SInv)
You are mostly covered in rugged brown scales. (AC +2, +5% HP)
You regenerate a lot of health from kills.
You are mostly covered in sharp spines.
Your magical and physical power is slightly enhanced at high health.
You have a somewhat thin skeletal structure. (Dex +2, Stealth+)
You are agile. (Dex +4, Str/Int -1)


Message History

The tyrant leech bites you!
* * * LOW HITPOINT WARNING * * *
The tyrant leech draws strength from your injuries!
You closely miss the tyrant leech. The tyrant leech bites you!!
* * * LOW HITPOINT WARNING * * *
The tyrant leech draws strength from your injuries!
Being near the torpor snail leaves you feeling lethargic.
You miss the tyrant leech. The tyrant leech barely misses you.
The tyrant leech bites you.
* * * LOW HITPOINT WARNING * * *
The tyrant leech draws strength from your injuries!
You hit the tyrant leech.
The tyrant leech is lightly wounded.
The tyrant leech is struck by your spines.
The tyrant leech bites you.
* * * LOW HITPOINT WARNING * * *
The tyrant leech draws strength from your injuries!
The tyrant leech is struck by your spines.
The tyrant leech closely misses you.
You feel much better.
The tyrant leech is struck by your spines.
The tyrant leech bites you!
* * * LOW HITPOINT WARNING * * *
The tyrant leech draws strength from your injuries!
The torpor snail bites the plant.
The plant begins to die.
Okay, then.
Unknown command.
You barely miss the tyrant leech.
The tyrant leech bites you but does no damage.
The torpor snail bites the plant.
The tyrant leech is struck by your spines.
The tyrant leech bites you but does no damage.
The torpor snail bites the plant!
You slice the tyrant leech!!
The tyrant leech is severely wounded.
A nearby plant withers and dies.
The tyrant leech bites you!!
* * * LOW HITPOINT WARNING * * *
The tyrant leech draws strength from your injuries!
The tyrant leech bites you!
You die...

.....######.......##
P....##.....#.#...##
#..#.....#####....
##.....##.# ###⌠.
####....###### ##..=
###.P†...#.# ###...#
##.......####
#...### ......w.##
##..# # ..####w@.##
###..## # . #.#...#
#....#### ##.#†...#
##..##.## ##.#.PP.#
##.P#..# .? ..$##
##...#. #.. ....#
#...... { #.. ...P#
#..PP.. ##. ..###
###PP.. { ## ###
#..#P..


You could see a tyrant leech and a torpor snail.

Vanquished Creatures
  A bone dragon (Abyss:1)
  A tentacled starspawn (Abyss:2)
  An orc warlord (Bailey)
  Snorg (Lair:3)
  An ice dragon (Lair:5)
  5 hydras
  Fannar (Lair:3)
  A ghost crab (Lair:2)
  A catoblepas (D:14)
  6 two-headed ogres
  A centaur warrior (D:10)
  A boulder beetle (D:11)
  Erica (Lair:2)
  Urug (Lair:2)
  10 death yaks
  Sonja (Lair:4)
  Amaemon (Lair:2)
  A glowing orange brain (Abyss:2)
  8 large abominations
  3 lindwurms (Lair:5)
  A death drake (Abyss:1)
  A spectral hydra (Lair:2)
  2 wizards
  A deep elf pyromancer (D:14)
  8 ugly things
  An oklob plant (Lair:4)
  4 cyclopes
  5 manticores
  8 black mambas
  5 elephants
  10 cane toads
  2 gargoyles
  5 torpor snails
  An orange demon (Lair:3)
  An unseen horror (D:12)
  8 komodo dragons
  6 rime drakes
  An unseen horror zombie (D:9)
  An efreet (D:10)
  A tengu conjurer (D:13)
  A polar bear (Lair:5)
  A tyrant leech (Lair:5)
  4 trolls
  A spectral elephant (Lair:2)
  2 hornets (Lair:5)
  7 raiju
  2 dream sheep (Lair:5)
  A spectral black mamba (Lair:2)
  4 blink frogs
  Sigmund (D:3)
  2 ynoxinuls (Abyss:2)
  2 shadows
  A vampire (D:12)
  4 fire bats (Lair:4)
  3 wyverns
  42 yaks
  13 starcursed masses (Abyss:2)
  3 golden eyes (Abyss:2)
  A redback (Lair:2)
  2 steam dragons
  4 basilisks
  2 vampire mosquitoes (D:13)
  Edmund (D:5)
  2 acid dragons
  5 water moccasins
  9 orc warriors
  An ice beast (D:7)
  2 sky beasts
  2 ogres
  16 wolves
  5 centaurs
  A phantom (D:6)
  4 kobold brigands
  5 bullfrogs
  7 small abominations (D:11)
  A gnoll sergeant (D:8)
  3 scorpions
  8 wights (D:9)
  2 electric eels (D:12)
  6 howler monkeys
  3 centaur zombies (D:9)
  2 jellies (D:5)
  A gnoll bouda (D:7)
  5 hounds
  8 orc priests
  An iguana (D:5)
  22 orc wizards
  7 hell rats (Lair:2)
  3 howler monkey zombies (D:9)
  Robin (D:3)
  16 gnolls
  8 adders
  2 white imps
  An ufetubus (D:7)
  2 worms
  5 dart slugs
  60 orcs
  3 bats (D:1)
  10 endoplasms
  5 giant cockroaches
  23 goblins
  12 hobgoblins
  3 jackals (D:4)
  2 quokkas
  5 ball pythons
  3 frilled lizards
  35 kobolds
  7 rats
  A spectral kobold (D:9)
  A butterfly (Lair:3)
  A starspawn tentacle (Abyss:2)
560 creatures vanquished.

Vanquished Creatures (others)
  A quasit (Abyss:2)
  15 fungi
  31 plants
  6 starspawn tentacles (Abyss:2)
53 creatures vanquished.

Grand Total: 613 creatures vanquished

Notes
Turn   | Place    | Note
-------+----------+-------------------------------------------
     0 | D:1      | ryw the Demonspawn Monk began the quest for the Orb.
     0 | D:1      | Reached XP level 1. HP: 18/18 MP: 1/1
   200 | D:1      | Gained mutation: You regenerate a little health from kills.
                  | [demonic ancestry]
   200 | D:1      | Reached XP level 2. HP: 23/24 MP: 2/2
  1027 | D:2      | Gained mutation: You regenerate health from kills. [demonic
                  | ancestry]
  1027 | D:2      | Reached XP level 3. HP: 26/29 MP: 3/3
  1103 | D:2      | Found Afruycath's Assorted Antiques.
  1319 | D:2      | Noticed Terence
  1913 | D:3      | Noticed Sigmund
  1984 | D:3      | Reached skill level 4 in Fighting
  2283 | D:3      | Gained mutation: You have a pair of small antennae on your
                  | head. [demonic ancestry]
  2283 | D:3      | Reached XP level 4. HP: 35/37 MP: 4/4
  3644 | D:4      | Noticed Robin
  3724 | D:3      | Killed Robin
  3787 | D:4      | Gained mutation: You regenerate a lot of health from kills.
                  | [demonic ancestry]
  3787 | D:4      | Reached XP level 5. HP: 43/43 MP: 5/5
  3813 | D:4      | Reached skill level 1 in Long Blades
  4154 | D:3      | Killed Sigmund
  4155 | D:3      | Reached skill level 5 in Fighting
  4155 | D:3      | Gained mutation: You have a pair of antennae on your head.
                  | [demonic ancestry]
  4155 | D:3      | Reached XP level 6. HP: 44/51 MP: 6/6
  4185 | D:2      | Found a faded altar of an unknown god.
  4763 | D:5      | Entered Level 5 of the Dungeon
  4797 | D:5      | Reached skill level 5 in Dodging
  4808 | D:5      | HP: 2/51 [orc priest/divine providence (13)]
  4824 | D:5      | Gained mutation: You are partially covered in rugged brown
                  | scales. (AC +1, +3% HP) [demonic ancestry]
  4824 | D:5      | Reached XP level 7. HP: 35/57 MP: 7/7
  4958 | D:5      | Gained mutation: You are agile. (Dex +4, Str/Int -1)
                  | [potion of mutation]
  4958 | D:5      | Gained mutation: You have a somewhat thin skeletal
                  | structure. (Dex +2, Stealth+) [potion of mutation]
  5282 | D:5      | Identified the +5 chain mail of Xats {rElec}
  5491 | D:5      | Found a staircase to the Ecumenical Temple.
  5508 | D:5      | Noticed Edmund
  5520 | D:5      | Killed Edmund
  5521 | D:5      | Reached skill level 6 in Fighting
  5650 | Temple   | Entered the Ecumenical Temple
  5808 | Temple   | Became a worshipper of Warmaster Okawaru
  5808 | Temple   | Reached * piety under Okawaru
  5808 | Temple   | Reached ** piety under Okawaru
  6187 | D:5      | Found Ekenwe's Antique Armour Boutique.
  6328 | D:6      | Reached XP level 8. HP: 66/66 MP: 8/8
  6797 | D:6      | Reached skill level 7 in Fighting
  6878 | D:6      | Found a runed translucent door.
  6879 | D:6      | Noticed Crazy Yiuf
  7325 | D:7      | Found a sparkling altar of Nemelex Xobeh.
  7326 | D:7      | Found a shadowy altar of Dithmenos.
  7326 | D:7      | Found a shimmering altar of Xom.
  7326 | D:7      | Found an ancient bone altar of Kikubaaqudgha.
  7366 | D:7      | Reached skill level 5 in Long Blades
  7379 | D:7      | Reached *** piety under Okawaru
  7634 | D:7      | Identified the +4 spear of Chaos {freeze, Will++}
  7651 | D:7      | Reached skill level 8 in Fighting
  7707 | D:7      | Gained mutation: You have a pair of large antennae on your
                  | head. (SInv) [demonic ancestry]
  7707 | D:7      | Reached XP level 9. HP: 76/76 MP: 9/9
  8145 | D:7      | Found a burning altar of Makhleb.
  8398 | D:8      | Noticed a two-headed ogre
  8416 | D:8      | Killed a two-headed ogre
  8417 | D:8      | Reached skill level 9 in Fighting
  8494 | D:8      | Reached **** piety under Okawaru
  8505 | D:8      | Reached skill level 10 in Fighting
  8724 | D:8      | Found a flagged portal.
  8742 | Bailey   | Entered a bailey
  8780 | Bailey   | Noticed an orc warlord
  8835 | Bailey   | Identified the +1 plate armour of Refuge {Rampage Fly
                  | Regen+}
  8911 | Bailey   | Gained mutation: You are partially covered in sharp spines.
                  | [demonic ancestry]
  8911 | Bailey   | Reached XP level 10. HP: 75/88 MP: 10/10
  8954 | Bailey   | Found a runed translucent gate.
  8955 | Bailey   | Found a runed translucent gate.
  8956 | Bailey   | Found a runed translucent gate.
  9118 | Bailey   | HP: 2/88 [orc warlord/+7 broad axe (17)]
  9438 | Bailey   | Acquired the +1 triple sword of the King {heavy, Fragile
                  | Fly Str+5}
  9742 | Bailey   | Killed an orc warlord
  9743 | Bailey   | Reached skill level 11 in Fighting
  9743 | Bailey   | Reached skill level 1 in Armour
  9857 | D:8      | Identified the ring of Moinis {rC+++ rN+ Str+5 Dex-3}
 10394 | D:9      | Received a gift from Okawaru
 10510 | D:9      | Found a staircase to the Lair.
 10542 | D:9      | Found a hazy altar of Hepliaklqana.
 10733 | D:9      | Reached ***** piety under Okawaru
 10984 | D:10     | Entered Level 10 of the Dungeon
 11175 | D:10     | Noticed a centaur warrior
 11179 | D:10     | Killed a centaur warrior
 11270 | D:10     | Reached skill level 12 in Fighting
 11673 | D:10     | Reached skill level 5 in Invocations
 11673 | D:10     | Reached XP level 11. HP: 62/97 MP: 14/14
 11725 | D:10     | Found Hefrud's Fire Supplies.
 12242 | D:11     | Identified the +7 great sword of Inference {flame, rPois}
                  | (Okawaru gifted it to you on level 11 of the Dungeon)
 12242 | D:11     | Received a gift from Okawaru
 12536 | D:11     | Noticed a two-headed ogre
 12542 | D:11     | Killed a two-headed ogre
 12648 | D:11     | You are sucked into a shaft and drop 3 floors!
 12668 | D:13     | Identified the +6 whip "Erriuli" {spect, rPois Str+3 Dex-3}
 12750 | D:13     | Noticed a cyan ugly thing
 12753 | D:13     | Killed a cyan ugly thing
 12787 | D:13     | Noticed a cyan ugly thing
 12813 | D:13     | Killed a cyan ugly thing
 12813 | D:13     | Received a gift from Okawaru
 13085 | D:13     | Reached skill level 13 in Fighting
 13230 | D:12     | Noticed an ogre mage
 13230 | D:12     | Found a runed translucent gate.
 13230 | D:12     | Found a runed translucent gate.
 13230 | D:12     | Found a runed translucent gate.
 13230 | D:12     | Found an opulent altar of Gozag.
 13321 | D:12     | Reached skill level 5 in Armour
 13333 | D:12     | Found Xaro's Antique Armour Shoppe.
 13345 | D:12     | Reached skill level 10 in Dodging
 13346 | D:12     | Bought a pair of glowing gloves for 180 gold pieces
 13492 | D:12     | Noticed a two-headed ogre
 13498 | D:12     | Killed a two-headed ogre
 13499 | D:12     | Reached skill level 10 in Long Blades
 13773 | D:12     | Noticed an ice dragon
 13855 | D:12     | Gained mutation: You are mostly covered in rugged brown
                  | scales. (AC +2, +5% HP) [demonic ancestry]
 13855 | D:12     | Reached XP level 12. HP: 101/111 MP: 15/15
 13855 | D:12     | Found a staircase to the Orcish Mines.
 13911 | D:12     | Noticed Kaunuet's ghost (journeyman DjFE)
 13911 | D:12     | Noticed an ogre mage
 13944 | D:11     | Noticed a two-headed ogre
 13948 | D:11     | Killed a two-headed ogre
 13961 | D:11     | Found Rison's Magic Scroll Boutique.
 13966 | D:11     | Bought a scroll of teleportation for 42 gold pieces
 14021 | D:11     | Reached skill level 14 in Fighting
 14116 | D:11     | Noticed a two-headed ogre
 14120 | D:11     | Killed a two-headed ogre
 14124 | D:11     | Noticed a boulder beetle
 14138 | D:11     | Killed a boulder beetle
 14138 | D:11     | Reached ****** piety under Okawaru
 14510 | D:11     | Received a gift from Okawaru
 14791 | D:14     | Reached skill level 15 in Fighting
 15358 | D:14     | Noticed a catoblepas
 15365 | D:14     | Killed a catoblepas
 15456 | D:14     | Found a gate to the Vaults.
 15456 | D:14     | Noticed a two-headed ogre
 15459 | D:14     | Killed a two-headed ogre
 15783 | Lair:1   | Entered Level 1 of the Lair of Beasts
 15842 | Lair:1   | Gained mutation: Your magical and physical power is
                  | slightly enhanced at high health. [demonic ancestry]
 15842 | Lair:1   | Reached XP level 13. HP: 121/121 MP: 16/16
 16686 | Lair:2   | Found the +4 skin of Zhor {*Englaciate rC+++ SInv}
 16747 | Lair:2   | Found a hole to the Spider Nest.
 16750 | Lair:2   | Noticed Erica
 16758 | Lair:2   | Killed Erica
 16967 | Lair:2   | Noticed Urug
 16984 | Lair:2   | Killed Urug
 16984 | Lair:2   | Received a gift from Okawaru
 17437 | Lair:2   | Found a staircase to the Swamp.
 17924 | Lair:3   | Noticed Fannar
 17931 | Lair:3   | Killed Fannar
 17933 | Lair:3   | Reached skill level 1 in Throwing
 17937 | Lair:3   | Noticed Amaemon
 17947 | Lair:2   | Killed Amaemon
 17948 | Lair:2   | Identified the +5 great sword "Moit Ile" {flame, rPois rC+
                  | Dex-5} (Okawaru gifted it to you on level 2 of the Lair of
                  | Beasts)
 17948 | Lair:2   | Received a gift from Okawaru
 18529 | Lair:4   | Found a viscous altar of Jiyva.
 18530 | Lair:4   | Found a staircase to the Slime Pits.
 18540 | Lair:4   | Noticed Snorg
 18597 | Lair:3   | Killed Snorg
 18705 | Lair:4   | Received a gift from Okawaru
 19103 | Lair:4   | Noticed Sonja
 19107 | Abyss:1  | Cast into level 1 of the Abyss (Sonja)
 19154 | Abyss:1  | Reached skill level 16 in Fighting
 19154 | Abyss:1  | Gained mutation: You are mostly covered in sharp spines.
                  | [demonic ancestry]
 19154 | Abyss:1  | Reached XP level 14. HP: 131/131 MP: 18/18
 19185 | Abyss:1  | Noticed a bone dragon
 19201 | Abyss:1  | Killed a bone dragon
 19208 | Abyss:1  | Noticed a profane servitor
 19214 | Abyss:1  | Found a corrupted altar of Lugonu.
 19482 | Abyss:2  | Noticed a tentacled starspawn
 19619 | Abyss:2  | Noticed a tentacled starspawn
 19638 | Abyss:2  | Killed a tentacled starspawn
 19689 | Lair:4   | Escaped the Abyss
 19697 | Lair:4   | Killed Sonja
 20068 | Lair:5   | Entered Level 5 of the Lair of Beasts
 20076 | Lair:5   | Identified the +1 long sword of Zukhef {elec, rC- Str+4
                  | Dex+4} (Okawaru gifted it to you on level 5 of the Lair of
                  | Beasts)
 20076 | Lair:5   | Received a gift from Okawaru
 20101 | Lair:5   | Identified the +0 scale mail of the Arena {rF+}
 20576 | Lair:5   | Identified the +5 plate armour of the Big Bang {Dex+2}
                  | (Okawaru gifted it to you on level 5 of the Lair of Beasts)
 20576 | Lair:5   | Received a gift from Okawaru
 20943 | Lair:5   | Found a runed translucent door.
 21029 | Lair:5   | Reached skill level 10 in Armour
 21043 | Lair:5   | Paralysed by a hornet for 1 turns
 21058 | Lair:5   | Slain by a tyrant leech

Illustrated notes

Levels and vault maps discovered:
D:1:      dpeg_arrival_chambers_temple_mockup, layout_basic,
          grunt_decor_resistance, minivault_11
D:2:      layout_loops_ring, hellmonk_ecumenical_altar_arch_garden,
          serial_shops, nicolae_shop_hallway_plus, minmay_octomino_j4,
          uniq_terence
D:3:      layout_basic, chequers_big_river, uniq_sigmund
D:4:      layout_basic, uniq_robin
D:5:      layout_gridville, minmay_temple_entry_drinking_statues, serial_shops,
          kennysheep_mini, uniq_edmund
D:6:      layout_loops_ring, nicolae_eternal_life, uniq_crazy_yiuf_cottage
D:7:      layout_basic, grunt_temple_overflow_open,
          mainiacjoe_overflow_24_doors, minmay_a_box_with_orc_wizards_in_it
D:8:      layout_basic, enter_bailey_3
D:9:      layout_irregular_city, nicolae_hepliaklqana_monster_ancestors,
          lair_entry_dummy, serial_undead, serial_undead_f, serial_undead_c,
          serial_undead_d, serial_undead_a, serial_undead_c, billiards_dpeg
D:10:     minmay_diamond_stairs, layout_layer_cave, grunt_ogre_cave,
          nicolae_shop_fire_sale [nicolae_sub_dead_trees]
D:11:     layout_cave_pods, serial_shops, nicolae_shop_hallway_plus, laboratory
D:12:     layout_cave_pools, erik_orc_2, ebering_ghost_gozag, serial_shops, shop
D:13:     layout_basic, minivault_16
D:14:     layout_basic, david_vaults_1
Temple:   nicolae_temple_bog_church
Lair:1:   layout_loops_ring, serial_bayou_shore_b
Lair:2:   layout_layer_cave, nicolae_swamp_entry_spooky,
          spider_nest_entry_rubble, chequers_serial_rivers_micro_a,
          hellmonk_guarded_unrand_zhor, infiniplex_staircase_pool_2,
          lemuel_fruit_tree, grunt_megastairs_4, uniq_urug, uniq_erica
Lair:3:   layout_misc_corridors, serial_bayou_shore_b, lemuel_fruit_fields,
          uniq_amaemon, uniq_fannar
Lair:4:   layout_gridlike, minmay_slime_entry_oklob_open, grunt_megastairs_1,
          serial_bayou_shore_b, uniq_snorg, uniq_sonja
Lair:5:   hangedman_lair_in_review, layout_loops_ring, wormcave,
          lemuel_fruit_fields, serial_bayou_shore_b

Skill      XL: |  1  2  3  4  5  6  7  8  9 10 11 12 13 14 |
---------------+-------------------------------------------+-----
Dodging        | 3 4 5 7 8 9 10 | 10.0
Fighting       | 4 5 6 8 10 12 13 15 16 | 16.4
Long Blades    | 2 3 5 7 8 10 12 13 14 | 14.8
Armour         | 3 5 8 10 | 10.0
Invocations    | 5 6 8 |  8.4
Throwing       | 2 4 |  4.8
Stealth        | |  1.7
Unarmed Combat | |  2.6

Action                     |  1- 3 |  4- 6 |  7- 9 | 10-12 | 13-15 || total
---------------------------+-------+-------+-------+-------+-------++-------
  Melee: Unarmed           |   242 |    74 |       |       |       ||   316
         Punch             |     5 |     4 |     5 |       |       ||    14
         Falchion          |       |    77 |   415 |    27 |       ||   519
         Triple sword      |       |       |       |   300 |   344 ||   644
  Throw: Dart              |       |     3 |     1 |       |       ||     4
         Boomerang         |       |       |       |     6 |       ||     6
         Javelin           |       |       |       |       |    13 ||    13
 Invoke: Heroism           |       |       |     1 |     2 |     3 ||     6
         Finesse           |       |       |       |     1 |       ||     1
  Evoke: Wand              |       |       |       |       |     6 ||     6
    Use: Potion            |       |     2 |     9 |     4 |     5 ||    20
         Scroll            |       |       |    14 |    15 |     2 ||    31
   Stab: Sleeping          |     7 |     2 |     2 |       |       ||    11
         Invisible         |       |       |       |     1 |       ||     1
         Distracted        |       |       |       |     2 |       ||     2
 Armour: Robe              |    43 |     2 |       |       |       ||    45
         Leather armour    |       |    64 |    13 |       |       ||    77
         Chain mail        |       |       |   244 |     6 |       ||   250
         Skin              |       |       |     1 |       |       ||     1
         Plate armour      |       |       |       |   200 |   407 ||   607
  Dodge: Dodged            |   160 |   108 |   205 |   253 |   438 ||  1164
         Repelled          |       |       |       |       |     8 ||     8

Table legend: (Time is in decaauts)
 A = Elapsed time spent in this place.
 B = Non-inter-level travel time spent in this place.
 C = Inter-level travel time spent in this place.
 D = Time resting spent in this place.
 E = Time spent auto-exploring this place.
 F = Levels seen in this place.
 G = Mean time per level.
                   A        B        C        D        E       F      G
               +--------+--------+--------+--------+--------+-----+--------+
         Total |  21613 |  20355 |   1258 |   1981 |  13417 |  23 |  939.7 |
       Dungeon |  14831 |  13732 |   1099 |   1092 |   9510 |  14 | 1059.4 |
        Temple |    188 |    161 |     27 |      0 |    144 |   1 |  188.0 |
          Lair |   4902 |   4770 |    132 |    240 |   3529 |   5 |  980.4 |
         Abyss |    615 |    615 |      0 |    269 |      0 |   2 |  307.5 |
        Bailey |   1075 |   1075 |      0 |    379 |    233 |   1 | 1075.0 |
               +--------+--------+--------+--------+--------+-----+--------+

Top non-repeatable levels by time:
     D:3: 1628 daAuts
  Lair:2: 1407 daAuts
     D:5: 1367 daAuts
    D:10: 1317 daAuts
     D:2: 1295 daAuts
    D:11: 1271 daAuts
     D:6: 1155 daAuts
  Bailey: 1075 daAuts
  Lair:5: 1072 daAuts
     D:1: 1053 daAuts
    D:14: 971 daAuts
     D:8: 912 daAuts
  Lair:4: 886 daAuts
     D:9: 844 daAuts
     D:4: 816 daAuts
